 Dungeon Crawl Stone Soup version 0.26-a0-660-gc07710193c (webtiles) character file.

Game seed: 1441474271918969064

133 marklar909 the Digger (level 5, -2/35 HPs)
             Began as a Formicid Earth Elementalist on Oct 6, 2020.
             Slain by a goblin (6 damage)
             ... led by Robin
             ... on level 2 of the Dungeon.
             The game lasted 00:05:22 (2990 turns).

marklar909 the Digger (Formicid Earth Elementalist) Turns: 2990, Time: 00:05:22

Health: -2/35      AC:  2    Str: 14    XL:     5   Next: 40%
Magic:  9/9        EV: 12    Int: 14    God:
Gold:   121        SH:  0    Dex: 11    Spells: 9/10 levels left

rFire    . . .     SeeInvis +   o - +1 spear (distort)
rCold    . . .     Faith    .   (no shield)
rNeg     . . .     Spirit   .   c - +0 robe
rPois    .         Reflect  .   (helmet unavailable)
rElec    .         Harm     .   (no cloak)
rCorr    .         Rampage  .   (no gloves)
MR       .....                  (no boots)
Stlth    ++........             (no amulet)
HPRegen  0.11/turn              (no ring)
MPRegen  0.11/turn              (no ring)

@: no status effects
A: permanent stasis, dig shafts and tunnels, four strong arms, antennae 3
a: Dig, Shaft Self


You were on level 2 of the Dungeon.
You visited 1 branch of the dungeon, and saw 3 of its levels.

You collected 121 gold pieces.

Inventory:

Hand Weapons
 o - a +1 spear of distortion (weapon)
Missiles
 a - 42 poisoned darts
 b - 65 stones (quivered)
Armour
 c - a +0 robe (worn)
Jewellery
 k - a cursed amulet of inaccuracy {unknown}
Scrolls
 e - a scroll of fog {unknown}
 f - a scroll of enchant armour {unknown}
 g - a scroll of amnesia {unknown}
 j - a scroll of teleportation {unknown}
 m - a scroll of immolation {unknown}
Potions
 d - a potion of berserk rage {unknown}
 h - 2 potions of resistance {unknown}
 i - 2 potions of invisibility {unknown}
 l - 3 potions of lignification {unknown}
 n - a potion of degeneration {unknown}


   Skills:
 + Level 0.1 Fighting
 + Level 0.7 Polearms
 + Level 2.3 Dodging
 + Level 3.4 Stealth
 + Level 3.3 Spellcasting
   Level 1.1 Transmutations
 + Level 5.1 Earth Magic


You had 9 spell levels left.
You knew the following spells:

 Your Spells              Type           Power        Failure   Level
a - Sandblast             Erth           ###...       2%          1

Your spell library contained the following spells:

 Spells                   Type           Power        Failure   Level
 Passwall                 Tmut/Erth      ##......     9%          2
 Stone Arrow              Conj/Erth      #.....       22%         3
 Petrify                  Tmut/Erth      ##......     50%         4
 Lee's Rapid Deconstruct  Erth           ###.......   56%         5


Dungeon Overview and Level Annotations

Branches:
Dungeon (3/15)

Altars:
Ashenzari
Trog
Wu Jian
Xom

Annotations:
D:2 Robin


Innate Abilities, Weirdness & Mutations

You cannot be hasted, slowed, berserked, paralysed or teleported.
You can dig through walls and to a lower floor.
Your four strong arms can wield two-handed weapons with a shield.
You have a pair of large antennae on your head. (SInv)


Message History

You feel sick.
You feel sick.
You feel sick. Robin barely misses you.
The goblin no longer looks unusually strong.
Robin roars a battlecry!
The goblin goes into a battle-frenzy!
You feel sick.
Robin laughs in a distinctly smug fashion.
You feel sick.
You feel sick.
Robin flexes a bicep menacingly.
You feel sick.
You feel sick.
You are no longer poisoned.
The goblin no longer looks unusually strong.
Robin roars a battlecry!
The goblin goes into a battle-frenzy!
There is a stone staircase leading up here.
The goblin hits you.
You die...

## # # # ######
####### .....#
#.....# .....#
#.....# .....#
#.g@..# .....###
####.....#
.......####.g......#
.....#......##.....#
.....#..#...##.....#
.......##..........#
...........###.....#
..........## #.....#
.........###########


You could see Robin and a goblin (strong).

Vanquished Creatures
  3 adders (D:2)
  2 worms
  A dart slug (D:1)
  A leopard gecko (D:3)
  3 orcs (D:3)
  6 bats
  4 giant cockroaches
  14 goblins
  13 hobgoblins
  7 jackals (D:2)
  7 kobolds
  3 quokkas
  A ball python (D:3)
  8 frilled lizards
  13 rats
86 creatures vanquished.

Notes
Turn   | Place    | Note
-------+----------+-------------------------------------------
     0 | D:1      | marklar909 the Formicid Earth Elementalist began the quest
                  | for the Orb.
     0 | D:1      | Reached XP level 1. HP: 13/13 MP: 3/3
   240 | D:1      | Reached skill level 4 in Earth Magic
   240 | D:1      | Reached XP level 2. HP: 8/19 MP: 0/5
   828 | D:1      | Reached XP level 3. HP: 19/24 MP: 0/6
  1618 | D:2      | Reached XP level 4. HP: 30/30 MP: 8/8
  1863 | D:2      | Found a shimmering altar of Xom.
  2052 | D:2      | Found an ornate altar of the Wu Jian Council.
  2176 | D:2      | Reached skill level 5 in Earth Magic
  2333 | D:2      | Noticed a moth of wrath
  2336 | D:2      | Found a bloodstained altar of Trog.
  2598 | D:3      | Found a broken altar of Ashenzari.
  2602 | D:3      | Reached XP level 5. HP: 35/35 MP: 9/9
  2771 | D:3      | Noticed Robin
  2990 | D:2      | Slain by a goblin

Illustrated notes

Levels and vault maps discovered:
D:1:      evilmike_arrival_crescent, layout_basic
D:2:      layout_rooms, overflow_temple_1_default, lemuel_round_altar, tgw_trog,
          serial_corexii_hall, corexii_hall_statues_s, corexii_hall_statues_i
D:3:      layout_rooms, marbit_many_paths, ashenzari_altar_1,
          gammafunk_temple_overflow_pools, uniq_robin

Skill      XL: |  1  2  3  4 |
---------------+-------------+-----
Earth Magic    | 4 5 |  5.1
Dodging        | 2 |  2.3
Stealth        | 3 |  3.4
Spellcasting   | 3 |  3.3
Fighting       | |  0.1
Polearms       | |  0.7
Transmutations | |  1.1

Action                   |  1- 3 |  4- 6 || total
-------------------------+-------+-------++-------
Melee: Unarmed           |    32 |       ||    32
       Spear             |     9 |    96 ||   105
 Cast: Sandblast         |    49 |    37 ||    86
 Stab: Sleeping          |     3 |     3 ||     6
       Distracted        |       |     1 ||     1
Armor: Robe              |    11 |    13 ||    24
Dodge: Dodged            |    45 |    80 ||   125

Table legend: (Time is in decaauts)
 A = Elapsed time spent in this place.
 B = Non-inter-level travel time spent in this place.
 C = Inter-level travel time spent in this place.
 D = Time resting spent in this place.
 E = Time spent auto-exploring this place.
 F = Levels seen in this place.
 G = Mean time per level.
                   A        B        C        D        E       F      G
               +--------+--------+--------+--------+--------+-----+--------+
         Total |   3000 |   2920 |     80 |    395 |   1869 |   3 | 1000.0 |
       Dungeon |   3000 |   2920 |     80 |    395 |   1869 |   3 | 1000.0 |
               +--------+--------+--------+--------+--------+-----+--------+

Top non-repeatable levels by time:
     D:1: 1549 daAuts
     D:2: 1221 daAuts
     D:3: 229 daAuts
